 Dungeon Crawl Stone Soup version 0.24.0-41-g2ae2f7f1be (webtiles) character file.

Game seed: 18145977104503559871, levelgen mode: deterministic

266 FishyPogo the Insei (level 6, -3/47 HPs)
             Began as a Gnoll Transmuter on Dec 14, 2019.
             Was a Follower of Nemelex Xobeh.
             Blown up by Ijyb (23 damage)
             ... with a disintegration bolt
             ... on level 3 of the Dungeon.
             The game lasted 00:10:02 (2643 turns).

FishyPogo the Insei (Gnoll Transmuter)              Turns: 2643, Time: 00:10:03

Health: -3/47      AC:  2    Str: 14    XL:     6   Next: 20%
Magic:  10/13      EV: 24    Int: 16    God:    Nemelex Xobeh [*.....]
Gold:   96         SH:  0    Dex: 20    Spells: 11/15 levels left

rFire    . . .     SeeInvis .     - Unarmed
rCold    + . .     Gourm    .   (shield currently unavailable)
rNeg     . . .     Faith    .   (armour currently unavailable)
rPois    x         Spirit   .   (helmet currently unavailable)
rElec    .         Reflect  .   (cloak currently unavailable)
rCorr    .         Harm     .   (gloves currently unavailable)
MR       .....                  (boots currently unavailable)
Stlth    ++........             (no amulet)
HPRegen  0.15/turn              l - ring of protection from cold
MPRegen  0.13/turn              v - ring of flight

@: spider-form (expiring), flying
A: tiny, distributed training, strong nose
a: End Transformation, Draw Escape, Draw Destruction, Draw Summoning, Renounce
Religion


You were on level 3 of the Dungeon.
You worshipped Nemelex Xobeh.
Nemelex Xobeh was aware of your devotion.
You were hungry.
You were a venomous arachnid creature.
You visited 1 branch of the dungeon, and saw 3 of its levels.

You collected 96 gold pieces.

Inventory:

Hand Weapons
 e - a +3 spear
 j - a +4 dagger of flaming
 m - a +1 short sword of draining
Missiles
 a - 44 arrows
 h - 64 stones (quivered)
Armour
 x - a +2 robe (melded)
Jewellery
 l - a ring of protection from cold (left front leg)
 v - a ring of flight (right front leg)
Scrolls
 g - 3 scrolls of remove curse {unknown}
 k - 2 scrolls of identify {unknown}
 o - 2 scrolls of immolation {unknown}
 p - a scroll of noise {unknown}
 t - a scroll of enchant armour {unknown}
 u - a scroll of blinking {unknown}
 w - a scroll of teleportation {unknown}
Potions
 b - a potion of berserk rage {unknown}
 c - a potion of agility
 f - 3 potions of degeneration {unknown}
 i - 2 potions of lignification {unknown}
 n - a potion of mutation {unknown}
 r - 2 potions of cancellation {unknown}
Comestibles
 d - 5 rations


   Skills:
 + Level 3.1 Fighting
 + Level 1.8 Short Blades
 + Level 1.8 Long Blades
 + Level 1.8 Axes
 + Level 1.8 Maces & Flails
 + Level 1.8 Polearms
 + Level 1.8 Staves
 + Level 1.8 Slings
 + Level 1.8 Bows
 + Level 1.8 Crossbows
 + Level 1.8 Throwing
 + Level 1.8 Armour
 + Level 4.9 Dodging
 + Level 1.8 Stealth
 + Level 1.8 Shields
 + Level 6.8 Unarmed Combat
 + Level 5.3 Spellcasting
 + Level 1.4 Conjurations
 + Level 1.4 Hexes
 + Level 1.4 Charms
 + Level 1.4 Summonings
 + Level 1.4 Necromancy
 + Level 1.4 Translocations
 + Level 4.0 Transmutations
 + Level 1.4 Fire Magic
 + Level 1.4 Ice Magic
 + Level 1.4 Air Magic
 + Level 1.4 Earth Magic
 + Level 1.4 Poison Magic
 + Level 2.0 Invocations
 + Level 1.8 Evocations


You had 11 spell levels left.
You knew the following spells:

 Your Spells              Type           Power        Failure   Level  Hunger
u - Spider Form           Tmut/Pois      ##........   32%         3    ###....
y - Beastly Appendage     Tmut           ###...       10%         1    None

Your spell library contained the following spells:

 Spells                   Type           Power        Failure   Level  Hunger
 Sticks to Snakes         Tmut           ###.....     13%         2    #......
 Ice Form                 Ice/Tmut       ##......     65%         4    ####...
 Blade Hands              Tmut           ###.......   80%         5    ######.


Dungeon Overview and Level Annotations

Branches:
Dungeon (3/15)

Altars:
Fedhas
Nemelex Xobeh
Xom

Annotations:
D:3 1 runed translucent door, Crazy Yiuf, Grinder, Ijyb


Innate Abilities, Weirdness & Mutations

Your experience applies equally to all skills.
((You have very sharp teeth.))
Your uncanny sense of smell can sniff out nearby items.


Message History

Casting: Beastly Appendage (safe; 2% risk of failure)
Confirm with . or Enter, or press ? or * to list all spells.
Your talons disappear.
You turn into a venomous arachnid creature.
Your +2 robe melds into your body.
Ijyb zaps a wand.
You are blasted!
Your transformation is almost over.
Ijyb completely misses you.
Found a scroll labeled JIECKOZ VERRE.
You hit Ijyb but do no damage.
Ijyb is poisoned.
You hit Ijyb.
Ijyb looks even sicker.
Ijyb is lightly wounded.
Ijyb completely misses you.
It was a potion of flight.
You feel very buoyant.
You fly up into the air.
Ijyb completely misses you.
You bite Ijyb!
Ijyb looks as sick as possible!
Ijyb is severely wounded.
Ijyb zaps a wand.
You are blasted!
You die...
Your body disappears without a glow.

.#.#.# #....#.#..(#
.#.#.##.# #....#.....#
.#.#.##.####....#.....#
......................#
..........P.P.........###
.........PPPPP...........
...##...#PP_PP...........
..........PP.....<.......
...#.......PP...sg.......
...#..#.#..........(.....
...##############.#...##.
...# #.#..... ...# #####
..>...##. ....# #)..#
.......? ....# #...#
..#.#.## ...## ... .#.#
.... #+#


You could see Ijyb.

Vanquished Creatures
  Sigmund (D:3)
  4 adders
  4 leopard geckos
  An orc (D:3)
  9 giant cockroaches
  10 goblins
  8 hobgoblins
  3 jackals
  6 kobolds
  2 ball pythons (D:1)
  11 bats
  4 frilled lizards
  8 rats
71 creatures vanquished.

Notes
Turn   | Place    | Note
-------+----------+-------------------------------------------
     0 | D:1      | FishyPogo the Gnoll Transmuter began the quest for the Orb.
     0 | D:1      | Reached XP level 1. HP: 17/17 MP: 6/6
   224 | D:1      | Reached XP level 2. HP: 16/23 MP: 7/7
   824 | D:1      | Reached XP level 3. HP: 26/28 MP: 9/9
   837 | D:1      | Reached skill level 5 in Spellcasting
   995 | D:1      | Learned a level 3 spell: Spider Form
  1158 | D:2      | Reached skill level 1 in Invocations
  1598 | D:2      | Reached skill level 1 in Short Blades
  1598 | D:2      | Reached skill level 1 in Long Blades
  1598 | D:2      | Reached skill level 1 in Axes
  1598 | D:2      | Reached skill level 1 in Maces & Flails
  1598 | D:2      | Reached skill level 1 in Polearms
  1598 | D:2      | Reached skill level 1 in Staves
  1598 | D:2      | Reached skill level 1 in Slings
  1598 | D:2      | Reached skill level 1 in Bows
  1598 | D:2      | Reached skill level 1 in Crossbows
  1598 | D:2      | Reached skill level 1 in Throwing
  1598 | D:2      | Reached skill level 1 in Armour
  1598 | D:2      | Reached skill level 1 in Stealth
  1598 | D:2      | Reached skill level 1 in Shields
  1598 | D:2      | Reached skill level 1 in Evocations
  1632 | D:2      | Reached XP level 4. HP: 33/34 MP: 11/11
  1729 | D:2      | Found a shimmering altar of Xom.
  1839 | D:2      | Found a sparkling altar of Nemelex Xobeh.
  1843 | D:2      | Became a worshipper of Nemelex Xobeh the Trickster
  2016 | D:3      | Found a blossoming altar of Fedhas.
  2018 | D:3      | Noticed Ijyb
  2094 | D:3      | Noticed Grinder
  2116 | D:3      | Received a gift from Nemelex Xobeh
  2179 | D:3      | Found a runed translucent door.
  2180 | D:3      | Noticed Crazy Yiuf
  2330 | D:3      | Reached skill level 1 in Conjurations
  2330 | D:3      | Reached skill level 1 in Hexes
  2330 | D:3      | Reached skill level 1 in Charms
  2330 | D:3      | Reached skill level 1 in Summonings
  2330 | D:3      | Reached skill level 1 in Necromancy
  2330 | D:3      | Reached skill level 1 in Translocations
  2330 | D:3      | Reached skill level 1 in Fire Magic
  2330 | D:3      | Reached skill level 1 in Ice Magic
  2330 | D:3      | Reached skill level 1 in Air Magic
  2330 | D:3      | Reached skill level 1 in Earth Magic
  2330 | D:3      | Reached skill level 1 in Poison Magic
  2365 | D:3      | Noticed Sigmund
  2382 | D:3      | Killed Sigmund
  2382 | D:3      | Reached XP level 5. HP: 12/41 MP: 9/12
  2382 | D:3      | Reached XP level 6. HP: 14/47 MP: 9/13
  2608 | D:3      | Reached * piety under Nemelex Xobeh
  2643 | D:3      | Blown up by Ijyb

Levels and vault maps discovered:
D:1:      dpeg_cavernosity, layout_basic
D:2:      layout_basic, marbit_many_paths, lemuel_altar_in_water
D:3:      layout_basic, first_ration, fedhas_altar_3, uniq_crazy_yiuf_cottage,
          uniq_sigmund, uniq_ijyb, uniq_grinder, uniq_robin

Skill      XL: |  1  2  3  4 |
---------------+-------------+-----
Spellcasting   | 5 |  5.3
Invocations    | 1 2 |  2.0
Short Blades   | 1 |  1.8
Long Blades    | 1 |  1.8
Axes           | 1 |  1.8
Maces & Flails | 1 |  1.8
Polearms       | 1 |  1.8
Staves         | 1 |  1.8
Slings         | 1 |  1.8
Bows           | 1 |  1.8
Crossbows      | 1 |  1.8
Throwing       | 1 |  1.8
Armour         | 1 |  1.8
Stealth        | 1 |  1.8
Shields        | 1 |  1.8
Evocations     | 1 |  1.8
Conjurations   | 1 |  1.4
Hexes          | 1 |  1.4
Charms         | 1 |  1.4
Summonings     | 1 |  1.4
Necromancy     | 1 |  1.4
Translocations | 1 |  1.4
Fire Magic     | 1 |  1.4
Ice Magic      | 1 |  1.4
Air Magic      | 1 |  1.4
Earth Magic    | 1 |  1.4
Poison Magic   | 1 |  1.4
Fighting       | 3 |  3.1
Transmutations | 4 |  4.0
Dodging        | |  4.9
Unarmed Combat | |  6.8

Action                   |  1- 3 |  4- 6 || total
-------------------------+-------+-------++-------
Melee: Unarmed           |   114 |    71 ||   185
       Bite              |    11 |     4 ||    15
       Kick              |     3 |     4 ||     7
       Headbutt          |     6 |     6 ||    12
       Punch             |     1 |     3 ||     4
Throw: Stone             |     1 |       ||     1
 Cast: Beastly Appendage |    14 |     8 ||    22
       Spider Form       |     2 |     3 ||     5
  Use: Potion            |       |     1 ||     1
 Stab: Sleeping          |     4 |     4 ||     8
  Eat: Chunk             |     2 |     3 ||     5
Armor: Robe              |    16 |     5 ||    21
Dodge: Dodged            |    74 |    56 ||   130
